 Dungeon Crawl Stone Soup version 0.14-a0-1974-gdb6e453 (webtiles) character file.

99209 Piginabag the Spry (level 16, -22/117 HPs)
             Began as an Octopode Transmuter on Jan 17, 2014.
             Was the Champion of Cheibriados.
             Hit by a large rock thrown by a stone giant (25 damage)
             ... on Level 15 of the Dungeon.
             The game lasted 02:04:26 (36303 turns).

Piginabag the Spry (Octopode Transmuter)           Turns: 36303, Time: 02:04:26

HP -22/117       AC  3     Str 28      XL: 16   Next: 17%
MP  25/29        EV 33     Int 27      God: Cheibriados [******]
Gold 2749        SH  0     Dex 32      Spells:  4 memorised, 15 levels left

rFire  + . .     SeeInvis .       - Unarmed
rCold  + . .     Clarity  .     (shield currently unavailable)
rNeg   + . .     Conserve +     (helmet restricted)
rPois  .         rCorr    .     w - amulet of conservation
rElec  .         rRot     .     y - ring of wizardry
SustAb + .       Spirit   .     P - ring of protection from magic
rMut   .         Warding  .     T - ring of protection from magic
Saprov . . .     Stasis   .     g - ring of protection from fire
MR     +++..                    j - ring "Acaane Graa" {rN+ Dex+1 Int-3}
                                z - ring of protection from cold
                                O - +0,+8 ring of slaying
                                B - ring of sustain abilities

@: blade tentacles (expiring), very poisoned, slowed, very slow, extremely
resistant to hostile enchantments, extraordinarily stealthy
A: almost no armour, amphibious, 8 rings, constrict 8, repulsion field 1, slimy
green scales 1, camouflage 1, deterioration 1, gelatinous body 1
a: End Transformation, Bend Time, Temporal Distortion, Slouch, Step From Time,
Renounce Religion


You were on level 15 of the Dungeon.
You worshipped Cheibriados.
Cheibriados was exalted by your worship.
You were not hungry.
Your tentacles were blades.
You visited 4 branches of the dungeon, and saw 28 of its levels.
You also visited: Ice Cave.

You collected 3195 gold pieces.
You spent 446 gold pieces at shops.

Inventory:

Hand weapons
 c - a +0 blowgun
Missiles
 e - 19 poisoned needles
 S - 4 curare-tipped needles
Magical devices
 p - a wand of confusion (12)
 C - a wand of disintegration (6)
 H - a wand of frost (9)
 J - a wand of disintegration (2)
 R - a wand of draining (3)
 Z - a wand of draining (8)
Comestibles
 a - 3 bread rations
 h - a cheese
 u - 11 meat rations
 v - 2 pears
 F - 10 sultanas
 I - 2 chokos
 L - 11 apples
 W - a rotting chunk of human flesh
 X - 2 beef jerkies
Scrolls
 f - 6 scrolls of teleportation
 l - 5 scrolls of enchant armour
 o - 9 scrolls of remove curse
 r - 3 scrolls of identify
 t - 3 scrolls of curse weapon {unknown}
 x - 7 scrolls of enchant weapon I
 E - a scroll of vulnerability
 K - 3 scrolls of recharging
 M - a scroll of fog
 N - 2 scrolls of magic mapping
 U - a scroll of amnesia
 V - a scroll of silence
Jewellery
 g - a ring of protection from fire (on tentacle)
 i - an uncursed amulet of faith
 j - the ring "Acaane Graa" (on tentacle) {rN+ Dex+1 Int-3}
   (You bought it in a shop on level 4 of the Dungeon)

   [ring of positive energy]

   It affects your intelligence (-3).
   It affects your dexterity (+1).
 k - an uncursed ring of sustain abilities
 n - an uncursed ring of sustain abilities
 s - an uncursed ring of fire
 w - an amulet of conservation (around mantle)
 y - a ring of wizardry (left scythe-like blade)
 z - a ring of protection from cold (on tentacle)
 B - a ring of sustain abilities (on tentacle)
 O - a +0,+8 ring of slaying (on tentacle)
 P - a ring of protection from magic (right scythe-like blade)
 T - a ring of protection from magic (on tentacle)
Potions
 b - a potion of invisibility
 q - 2 potions of agility
 A - 4 potions of magic
 D - 4 potions of curing
 G - a potion of restore abilities
 Y - 2 potions of resistance
Books
 d - a book of Changes

   Spells                             Type                      Level
   *Beastly Appendage                 Transmutation                1
   Sticks to Snakes                   Transmutation                2
   *Spider Form                       Transmutation/Poison         3
   *Ice Form                          Ice/Transmutation            4
   *Blade Hands                       Transmutation                5
Miscellaneous
 m - a phial of floods
 Q - a disc of storms


   Skills:
 * Level 13.2 Fighting
 + Level 1.0 Throwing
 + Level 15.0 Dodging
 - Level 10.1 Stealth
 + Level 14.4 Unarmed Combat
 - Level 6.9 Spellcasting
 - Level 7.2 Transmutations
 - Level 0.6 Ice Magic
 - Level 2.3 Poison Magic
 - Level 7.0 Invocations


You had 15 spell levels left.
You knew the following spells:

 Your Spells              Type           Power        Failure   Level  Hunger
a - Beastly Appendage     Trmt           #####.       4%          1    None
b - Spider Form           Trmt/Pois      #####.....   10%         3    None
c - Ice Form              Ice/Trmt       ####......   24%         4    ###....
d - Blade Hands           Trmt           #####.....   22%         5    ####...


Dungeon Overview and Level Annotations

Branches:
Dungeon (15/16)            Temple (1/1) D:4             Orc (4/4) D:10
    Elf (0/3) Orc:4          Lair (8/8) D:9           Snake (0/5) Lair:4
  Slime (0/6) Lair:7       Vaults (0/5) D:15
  Swamp: Lair:3-6    Shoals: Lair:3-6    Spider: Lair:3-6

Altars:
Ashenzari
Cheibriados
Dithmengos
Elyvilon
Fedhas
Kikubaaqudgha
Makhleb
Nemelex Xobeh
Okawaru
Sif Muna
Trog
Vehumet
Xom
Yredelemnul
Zin
the Shining One
Beogh

Shops:
D:4 (=   D:11 }   D:13 *   Orc:4 %*/%

Annotations:
D:12 exclusions: electric eel and 2 more exclusions, Gastronok
D:14 Rupert
Lair:2 exclusion: 2 death yaks, Erica
Lair:3 3 exclusions
Lair:6 exclusion: downstairs
Lair:7 exclusions: brown ooze and giant amoeba


Innate Abilities, Weirdness & Mutations

You cannot wear most types of armour.
You are amphibious.
You can wear up to eight rings at the same time.*
You can use your tentacles to constrict many enemies at once.*
Your skin changes colour to match your surroundings (Stlth).*
Your rubbery body absorbs attacks (AC +1).*
You are surrounded by a mild repulsion field (EV +2).
You are partially covered in slimy green scales (AC +2).*
Your body is slowly deteriorating.


Message History

You are more poisoned.
You still haven't the ability to move!
You hear a grinding noise.
Your transformation is almost over.
You feel yourself speed up. Something hits you. The red wasp stings you.
You are more poisoned.
You feel yourself slow down.
You can move again.
You shred the red wasp!!!
You kill the red wasp!
Cheibriados thoroughly appreciates the change of pace.
Something hits you. Something barely misses you.
Something hits you but does no damage. Something hits you!
* * * LOW HITPOINT WARNING * * *
Something bites you!
* * * LOW HITPOINT WARNING * * *
The orc knight hits you with an orcish great mace!
* * * LOW HITPOINT WARNING * * *
The stone giant throws a large rock.
The large rock crashes through you!
You die...

..........########
.).<...>.........#
)......#########.#
.......####### #.#
....>........# #.#
.......###+#+# #.#
.......# .. #.# .......#
.... ##.#
.......#......#.@#########
.......# #...o...........
.......# ####.CBC........
.......#
........B#o...##.. ....
.......c#C#####.
..........HJJY#..
..........|).#..
.........?..#.
......#.J..#


You could see a fire giant, a stone giant, a catoblepas, a yaktaur captain, 2
orc knights, a griffon, 2 slime creatures, a cyclops and 2 boring beetles.

Vanquished Creatures
  Maud (Lair:4)
  An orc warlord (Orc:4)
  Snorg (Lair:4)
  2 vault guards (D:15)
  A fire dragon (Lair:8)
  Fannar (Orc:3)
  Harold (Orc:2)
  Josephine (Orc:4)
  10 hydras
  Nessos (D:14)
  8 death yaks
  A centaur warrior (D:13)
  The ghost of Kae the Covert, an experienced SpEn of Dithmengos (D:10)
  Erolcha (D:12)
  3 unseen horrors
  6 hill giants
  3 ice statues
  5 orc knights (Orc:4)
  A giant amoeba (Lair:7)
  Joseph (Orc:2)
  A wizard (D:15)
  2 lindwurms (Lair:8)
  2 necromancers (D:15)
  A red wasp (D:15)
  A griffon (Lair:7)
  3 orc sorcerers
  2 cyclopes (D:12)
  5 black mambas
  2 spiny worms (Lair:8)
  Maurice (D:8)
  4 elephants (Lair:6)
  15 spiny frogs
  A queen bee (shapeshifter) (D:13)
  5 trolls
  5 komodo dragons
  7 fire drakes
  4 giant fireflies (Lair:8)
  Sonja (Orc:2)
  2 polar bears (Lair:4)
  Prince Ribbit (D:7)
  34 blink frogs
  2 brown oozes (Lair:7)
  10 basilisks
  2 wyverns
  4 sharks
  Eustachio (D:6)
  8 elephant slugs
  18 humans (D:15)
  A water elemental (D:12)
  39 yaks
  19 hippogriffs
  2 steam dragons
  Grum (D:9)
  3 vampire mosquitoes (D:13)
  13 wolves
  8 manticores
  Edmund (D:4)
  Menkaure (D:7)
  9 human zombies (D:15)
  3 sky beasts
  3 nagas (Lair:4)
  10 porcupines
  A black bear (D:10)
  36 orc warriors
  35 ice beasts
  A yellow wasp (D:8)
  3 phantoms
  2 boring beetles (Lair:8)
  20 ogres
  10 centaurs
  3 wargs (Orc:4)
  6 crocodiles
  3 giant goldfish (Lair:5)
  9 water moccasins
  20 giant frogs
  11 giant slugs
  5 brain worms (Lair:8)
  Blork the orc (D:7)
  A wyvern zombie (D:14)
  12 agate snails
  A cyclops zombie (D:12)
  A yaktaur skeleton (D:14)
  3 big kobolds
  A troll zombie (D:12)
  An eye of draining (D:10)
  27 killer bees
  5 wights (D:10)
  2 hippogriff skeletons
  2 jellyfish (Lair:5)
  A troll skeleton (Orc:4)
  A goliath beetle (D:12)
  6 crimson imps
  2 electric eels
  A gnoll shaman (D:9)
  A big fish (Lair:5)
  5 jellies
  A giant frog zombie (D:9)
  17 hounds
  20 orc priests
  2 giant frog skeletons
  2 orange rats
  30 orc wizards
  4 worker ants
  5 iguanas
  2 scorpions
  31 sheep
  A big kobold zombie (D:13)
  An ogre skeleton (D:10)
  Ijyb (D:5)
  A mottled dragon skeleton (D:9)
  2 ogre zombies
  22 adders
  6 gnolls
  3 giant centipedes
  77 green rats
  4 giant mites
  2 white imps (Lair:4)
  22 worms
  A shadow imp (D:10)
  An iguana zombie (D:8)
  A giant centipede zombie (D:10)
  5 giant eyeballs
  26 grey rats
  10 giant geckos
  2 oozes
  185 orcs
  20 goblins
  24 hobgoblins
  21 jackals
  34 kobolds
  18 quokkas
  22 bats
  6 giant newts
  A goblin skeleton (Orc:4)
  A goblin zombie (Orc:4)
  A hobgoblin zombie (Orc:1)
  A kobold skeleton (D:8)
  A kobold zombie (D:7)
  3 orc simulacra (Orc:4)
  6 orc zombies
  A quokka skeleton (D:10)
  50 rats
  3 ballistomycetes (D:10)
  2 plants
1248 creatures vanquished.

Vanquished Creatures (others)
  A wizard (D:15)
  2 orcs (Orc:2)
  3 giant spores
  13 fungi
  6 plants
25 creatures vanquished.

Grand Total: 1273 creatures vanquished

Notes
Turn   | Place    | Note
--------------------------------------------------------------
     0 | D:1      | Piginabag, the Octopode Transmuter, began the quest for the Orb.
     0 | D:1      | Reached XP level 1. HP: 13/13 MP: 3/3
   317 | D:1      | Reached XP level 2. HP: 18/18 MP: 2/4
   721 | D:1      | Reached XP level 3. HP: 17/23 MP: 4/6
   941 | D:2      | Found a sparkling altar of Nemelex Xobeh.
   971 | D:2      | Reached skill level 1 in Stealth
  1173 | D:2      | Found a bloodstained altar of Trog.
  1455 | D:2      | Reached XP level 4. HP: 13/28 MP: 8/8
  1573 | D:2      | Learned a level 3 spell: Spider Form
  2461 | D:3      | Reached XP level 5. HP: 12/33 MP: 9/11
  3256 | D:3      | Noticed an ogre
  3295 | D:4      | Found Suloach's Jewellery Boutique.
  3325 | D:4      | Bought a +1 ring of dexterity for 22 gold pieces
  3667 | D:4      | Found a staircase to the Ecumenical Temple.
  3673 | Temple   | Entered the Ecumenical Temple
  3769 | Temple   | Became a worshipper of Cheibriados the Contemplative
  3817 | D:4      | Noticed Edmund
  3835 | D:4      | Killed Edmund
  3835 | D:4      | Reached XP level 6. HP: 16/38 MP: 8/13
  4079 | D:4      | Found Plekluiwn's Antique Weapon Shop.
  4221 | D:4      | Reached skill level 1 in Poison Magic
  4731 | D:4      | Reached skill level 4 in Unarmed Combat
  4852 | D:5      | Entered Level 5 of the Dungeon
  4880 | D:5      | HP: 1/38 [centaur/bow (9)]
  4887 | D:5      | Reached XP level 7. HP: 12/44 MP: 9/15
  5306 | D:5      | Paralysed by a giant eyeball for 3 turns
  5708 | D:5      | Noticed Ijyb
  5720 | D:5      | Killed Ijyb
  5732 | D:5      | Found a glowing silver altar of Zin.
  6423 | D:5      | Learned a level 4 spell: Ice Form
  6429 | D:5      | Learned a level 5 spell: Blade Hands
  6514 | D:6      | Reached XP level 8. HP: 46/50 MP: 13/17
  6638 | D:6      | Reached skill level 5 in Unarmed Combat
  6707 | D:6      | Noticed Eustachio
  6780 | D:6      | Killed Eustachio
  6780 | D:6      | Reached skill level 5 in Dodging
  6972 | D:7      | Acquired Cheibriados' first power
  7032 | D:7      | Reached skill level 5 in Transmutations
  7035 | D:7      | Noticed Prince Ribbit
  7053 | D:7      | Reached skill level 6 in Unarmed Combat
  7093 | D:7      | Killed Prince Ribbit
  7093 | D:7      | Reached skill level 1 in Invocations
  7093 | D:7      | Reached XP level 9. HP: 17/55 MP: 17/20
  7505 | D:7      | Noticed Menkaure
  7523 | D:7      | Killed Menkaure
  7563 | D:7      | Noticed Blork the orc
  7576 | D:7      | Killed Blork the orc
  7576 | D:7      | Acquired Cheibriados' second power
  7930 | D:7      | Paralysed by a giant eyeball for 3 turns
  7935 | D:7      | Paralysed by a giant eyeball for 2 turns
  8169 | D:7      | Reached skill level 5 in Spellcasting
  8249 | D:7      | Reached skill level 7 in Unarmed Combat
  8551 | D:8      | Found a shattered altar of Ashenzari.
  8680 | D:8      | Reached skill level 5 in Stealth
  9029 | D:8      | Reached XP level 10. HP: 43/63 MP: 16/22
  9134 | D:8      | Acquired Cheibriados' third power
  9139 | D:8      | Noticed Maurice
  9153 | D:8      | Killed Maurice
  9317 | D:4      | Bought the ring "Acaane Graa" {rN+ Dex+1 Int-3} for 200 gold pieces
 10327 | D:9      | Gained mutation: Your body is slowly deteriorating. [miscasting Blade Hands]
 10533 | D:9      | Noticed Grum
 10571 | D:9      | Killed Grum
 10574 | D:9      | Reached skill level 8 in Unarmed Combat
 10581 | D:9      | Reached skill level 5 in Fighting
 11089 | D:9      | Found a staircase to the Lair.
 11519 | D:10     | Entered Level 10 of the Dungeon
 11571 | D:10     | Reached XP level 11. HP: 57/72 MP: 11/25
 11778 | D:10     | Found a staircase to the Orcish Mines.
 12101 | D:10     | Noticed Kae's ghost (experienced SpEn)
 12108 | D:10     | Killed Kae's ghost
 12326 | D:10     | Reached skill level 9 in Unarmed Combat
 12810 | D:11     | Reached skill level 1 in Throwing
 13184 | D:11     | Found Sheve's Gadget Boutique.
 13353 | D:11     | Killed an unseen horror
 13823 | D:12     | Lost mutation: Your body is slowly deteriorating. [miscasting Blade Hands]
 14090 | D:12     | Noticed Erolcha
 14093 | D:12     | Killed Erolcha
 14513 | D:12     | Noticed Gastronok
 14597 | D:12     | Noticed a hill giant
 14686 | D:13     | Noticed a centaur warrior
 14878 | D:12     | Reached XP level 12. HP: 80/80 MP: 20/26
 14927 | D:12     | Killed a hill giant
 15878 | D:13     | Noticed a hill giant
 15883 | D:13     | Killed a hill giant
 15883 | D:13     | Reached skill level 10 in Dodging
 15919 | D:13     | Killed an unseen horror
 16428 | D:13     | Found Gresh's General Store.
 16450 | D:13     | Bought a potion of heal wounds for 48 gold pieces
 16450 | D:13     | Bought a potion of curing for 32 gold pieces
 16450 | D:13     | Bought a potion of curing for 32 gold pieces
 16523 | D:13     | Killed a centaur warrior
 16523 | D:13     | Reached skill level 10 in Unarmed Combat
 17096 | Lair:1   | Entered Level 1 of the Lair of Beasts
 18144 | Lair:2   | Noticed Erica
 18712 | Lair:2   | Reached skill level 5 in Invocations
 19077 | Lair:2   | Noticed a death yak
 19164 | Lair:2   | Noticed a death yak
 19670 | Lair:3   | Reached skill level 11 in Dodging
 19681 | Lair:3   | Reached XP level 13. HP: 42/88 MP: 20/27
 20976 | Lair:3   | Reached skill level 10 in Stealth
 21567 | Lair:4   | Found a staircase to the Snake Pit.
 22141 | Lair:4   | Paralysed by a potion of paralysis for 7 turns
 22179 | Lair:4   | Got a smoking quarterstaff
 22180 | Lair:4   | Identified the +3,+7 quarterstaff of Plague {pain, Stlth+} (You found it on level 4 of the Lair of Beasts)
 22621 | Lair:4   | Noticed Maud
 22679 | Lair:4   | Killed Maud
 23045 | Lair:4   | Noticed Snorg
 23079 | Lair:4   | Killed Snorg
 23375 | Lair:4   | Reached skill level 10 in Fighting
 23375 | Lair:4   | Reached skill level 12 in Dodging
 24212 | Lair:4   | Reached XP level 14. HP: 76/99 MP: 22/28
 24522 | Orc:1    | Entered Level 1 of the Orcish Mines
 24561 | Orc:1    | Found a frozen archway.
 24706 | IceCv    | Entered an ice cave
 25306 | Orc:2    | Noticed Joseph
 25315 | Orc:2    | Killed Joseph
 25464 | Orc:2    | Noticed Sonja
 25465 | Orc:2    | Killed Sonja
 25560 | Orc:2    | Noticed Harold
 25573 | Orc:2    | Killed Harold
 25814 | Orc:3    | Found a roughly hewn altar of Beogh.
 25908 | Orc:3    | Noticed Fannar
 25912 | Orc:3    | Killed Fannar
 26093 | Orc:4    | Entered Level 4 of the Orcish Mines
 26645 | Orc:4    | Found Horgh's Food Shoppe.
 26645 | Orc:4    | Found Schatwofo's General Store.
 26646 | Orc:4    | Noticed an orc warlord
 26843 | Orc:4    | Found a staircase to the Elven Halls.
 26858 | Orc:4    | Noticed Josephine
 26893 | Orc:4    | Killed Josephine
 26893 | Orc:4    | Reached skill level 13 in Dodging
 27060 | Orc:4    | Killed an orc warlord
 27102 | Orc:4    | Found a roughly hewn altar of Beogh.
 27153 | Orc:4    | Bought a potion of agility for 37 gold pieces
 27153 | Orc:4    | Bought 2 potions of agility for 75 gold pieces
 27362 | Orc:4    | Found Twulinumm's Magical Wand Shoppe.
 27362 | Orc:4    | Found Mumannan's Food Boutique.
 28817 | Lair:6   | Upgraded the game from 0.14-a0-1969-g2c76abe to 0.14-a0-1974-gdb6e453
 29808 | Lair:6   | Reached XP level 15. HP: 94/107 MP: 24/29
 30599 | Lair:6   | Reached skill level 14 in Dodging
 31103 | Lair:7   | Found a staircase to the Slime Pits.
 32275 | Lair:8   | Entered Level 8 of the Lair of Beasts
 32382 | Lair:8   | Gained mutation: You are partially covered in slimy green scales (AC +2). [potion of mutation]
 32382 | Lair:8   | Gained mutation: You are surrounded by a mild repulsion field (EV +2). [potion of mutation]
 32382 | Lair:8   | Gained mutation: Your body is slowly deteriorating. [potion of mutation]
 35673 | D:14     | Noticed Nessos
 35675 | D:14     | Killed Nessos
 35772 | D:14     | Noticed Rupert
 35776 | D:15     | Entered Level 15 of the Dungeon
 35793 | D:15     | Reached XP level 16. HP: 98/116 MP: 27/29
 36007 | D:15     | Found a gate to the Vaults.
 36018 | D:15     | Reached skill level 15 in Dodging
 36292 | D:15     | Noticed a fire giant
 36299 | D:15     | Paralysed by a red wasp for 3 turns
 36303 | D:15     | HP: 3/117 [orc knight/orcish great mace (13)]
 36303 | D:15     | Hit by a large rock thrown by a stone giant

Action                   |  1- 3 |  4- 6 |  7- 9 | 10-12 | 13-15 | 16-18 || total
-------------------------+-------+-------+-------+-------+-------+-------++-------
Melee: Unarmed           |    79 |   143 |   302 |   448 |  1045 |    51 ||  2068
 Fire: Blowgun           |       |    11 |       |     5 |       |       ||    16
 Cast: Beastly Appendage |    28 |    13 |     7 |    18 |    10 |       ||    76
       Spider Form       |       |    17 |    39 |     3 |    33 |       ||    92
       Blade Hands       |       |       |     7 |    89 |   154 |     3 ||   253
       Ice Form          |       |       |     1 |     4 |     4 |       ||     9
Invok: Slouch            |       |       |       |    15 |    15 |       ||    30
       Temporal Distorti |       |       |       |     1 |       |       ||     1
 Abil: End Transformatio |       |       |       |     2 |     3 |       ||     5
Evoke: Wand              |       |       |     7 |     7 |    33 |       ||    47
  Use: Scroll            |       |     6 |    10 |    11 |    13 |       ||    40
       Potion            |       |     4 |     4 |     5 |    19 |       ||    32
 Stab: Sleeping          |     1 |     4 |    16 |    35 |    53 |     2 ||   111
       Distracted        |       |       |     1 |     2 |     3 |       ||     6
